AoeStats
← JoN

Pilgrims

509658614Analyzed
4v4 RM · 4d ago on Sep 27, 2026· 39m 32s· 8 players
Game mode
Random Map
Map size
Large (8 player)
Population
200
Speed
Normal
Resources
Standard
Victory
Conquest
Starting age
Dark Age
Ending age
Imperial Age
RankedLock teamsTeams togetherTeam positionsShared explorationLock speedFull tech treeHidden civsTurbo modeCheats
Victory
Defeat
🇩🇪 Persians · Germany
1221
+16
🇩🇪 Spanish · Germany
1218
+16
🇫🇷 Poles · France
1216
+16
🇬🇧 Burgundians · United Kingdom
1210
+16
🇹🇼 Persians · Taiwan
1249
-17
🇹🇼 Danes · Taiwan
1233
-17
🇧🇷 Berbers · Brazil
1196
-15
🇸🇰 Dravidians · Slovakia
1189
-15
PatCrespo
0:56 Double-Bit Axe
6:13 Loom
6:37 Fishing Lines
12:15 Feudal Age
13:20 Bow Saw
13:20 Gillnets
18:10 Castle Age
16:50 Stone Mining
17:07 Horse Collar
19:55 Two-Man Saw
19:58 Wheelbarrow
20:05 Gold Mining
20:55 Stone Shaft Mining
21:33 Gold Shaft Mining
21:56 Hand Cart
21:27 Town Watch
28:11 Scale Barding Armor
28:16 Forging
31:38 Imperial Age
31:32 Chain Barding Armor
31:48 Iron Casting
34:12 Conscription
34:29 Plate Barding Armor
34:54 Blast Furnace
38:20 Elite Coustillier
knottovich
11:02 Feudal Age
15:18 Castle Age
16:24 Loom
19:33 Medium Warships
21:54 Horse Collar
25:29 Padded Archer Armor
34:59 Imperial Age
32:27 Fletching
33:58 Leather Archer Armor
Kirara
5:39 Loom
12:20 Feudal Age
13:10 Fishing Lines
14:08 Wheelbarrow
14:39 Forging
14:58 Double-Bit Axe
20:40 Castle Age
19:27 Scale Barding Armor
20:15 Bloodlines
20:03 Gold Mining
20:04 Stone Mining
21:44 Hand Cart
22:06 Iron Casting
21:58 Gillnets
22:40 Medium Warships
22:50 Horse Collar
25:52 Chain Barding Armor
26:35 Heavy Plow
28:46 Fletching
29:27 Husbandry
31:00 Bow Saw
37:31 Imperial Age
37:39 Cavalier
37:55 Capped Ram
JoN
8:45 Loom
11:22 Feudal Age
12:48 Double-Bit Axe
15:30 Fishing Lines
18:04 Castle Age
15:58 Horse Collar
17:47 Stone Mining
17:49 Gold Mining
19:30 Bow Saw
21:11 Wheelbarrow
21:30 Heavy Plow
25:24 Bloodlines
25:25 Szlachta Privileges
26:40 Hand Cart
27:25 Devotion
29:25 Husbandry
29:32 Scale Barding Armor
32:29 Imperial Age
29:45 Town Watch
31:09 Chain Barding Armor
31:00 Forging
32:12 Ballistics
32:05 Masonry
31:47 Fletching
34:25 Iron Casting
33:37 Cavalier
36:49 Conscription
38:08 Light Cavalry
39:49 Blast Furnace
Kebab do ruky
8:55 Feudal Age
13:05 Fletching
17:28 Castle Age
18:22 Medium Warships
19:04 Fishing Lines
19:51 Bodkin Arrow
21:13 Wheelbarrow
21:33 Clinker Construction
23:03 Scale Mail Armor
23:08 Gillnets
23:41 Forging
23:12 Man-at-Arms
24:31 Pikeman
25:39 Hand Cart
26:02 Double-Bit Axe
26:13 Town Watch
27:49 Iron Casting
27:16 Long Swordsman
30:39 Gambesons
31:24 Arson
32:39 Bow Saw
32:49 Careening
36:41 Imperial Age
34:42 Chain Mail Armor
36:47 Padded Archer Armor
37:22 Halberdier
39:30 Wootz Steel
39:50 Squires
兄弟精神
7:29 Loom
14:07 Feudal Age
18:07 Castle Age
15:58 Double-Bit Axe
17:58 Fletching
19:06 Bodkin Arrow
26:57 Bow Saw
30:12 Scale Mail Armor
32:15 Horse Collar
35:47 Imperial Age
35:41 Chain Mail Armor
BC
6:57 Loom
12:24 Feudal Age
16:39 Castle Age
15:03 Double-Bit Axe
23:40 Wheelbarrow
30:23 Horse Collar
35:25 Imperial Age
34:45 Scale Barding Armor
35:50 Bloodlines
36:28 Forging
DKT | Zeusrs
3:28 Loom
11:56 Feudal Age
13:04 Man-at-Arms
18:00 Castle Age
16:36 Double-Bit Axe
30:22 Bow Saw
31:16 Husbandry
32:49 Bloodlines
33:23 Scale Barding Armor
36:07 Wheelbarrow
38:57 Imperial Age
Connection lost

Rejoining the realm…

Still unreachable

The connection could not be restored.

Session expired

The server has moved on; the page needs a fresh start.